APP
OAKLAND (APP) ATHLETICS @ GREENEVILLE ASTROS
10/11/2048
 
TOP OF THE 1ST
Seattle (APP) Mariners batting - Pitching for Oakland (APP) Athletics : RHP Ferri Adam
Pitching: RHP Ferri Adam
Batting: LHB Humberto Herrada 0-0: Ball
1-0: Foul Ball, location: 2F
1-1: Called Strike
1-2: Fly out, F9 (Flyball, 9S, EV 88.1 MPH)
Batting: RHB Corey Davis 0-0: Swinging Strike
0-1: Swinging Strike
0-2: Ball
1-2: Strikes out looking
Batting: LHB Griffin Fogle 0-0: Ball
1-0: Ball
2-0: Called Strike
2-1: Foul Ball, location: 2F
2-2: SOLO HOME RUN (Flyball, 89XD, EV 90.6 MPH), Distance : 414 ft
Batting: RHB J.J. Phillips 0-0: Foul Ball, location: 2F
0-1: Called Strike
0-2: Strikes out swinging
Top of the 1st over - 1 run, 1 hit, 0 errors, 0 left on base; Seattle (APP) 1 - Oakland (APP) 0
BOTTOM OF THE 1ST
Oakland (APP) Athletics batting - Pitching for Seattle (APP) Mariners : RHP Jorge Aranda
Pitching: RHP Jorge Aranda
Batting: RHB Danny Murillo 0-0: Bunt missed!
0-1: Foul Ball, location: 2F
0-2: Foul Ball, location: 2F
0-2: Ball
1-2: SINGLE (Groundball, 6D, EV 108.1 MPH)
Batting: LHB Dave Talbert 0-0: Ball
Danny Murillo is caught stealing 2nd base 2-6
1-0: Ball
2-0: Ball
3-0: Called Strike
3-1: Base on Balls
Batting: LHB Yoshinari Nara 0-0: Called Strike
Dave Talbert steals 2nd base
0-1: Foul Ball, location: 2F
0-2: Foul Ball, location: 2F
0-2: Ball
1-2: Strikes out looking
Batting: RHB Stu Rancourt 0-0: Called Strike
0-1: Foul Ball, location: 2F
0-2: DOUBLE (Line Drive, 78D, EV 100.0 MPH)
Dave Talbert scores
Batting: RHB John Henderson 0-0: Ball
1-0: Foul Ball, location: 2F
1-1: Foul Ball, location: 2F
1-2: Ball
2-2: Foul Ball, location: 2F
2-2: Foul Ball, location: 2F
2-2: Ball
3-2: Base on Balls
Batting: LHB Clyde Saxton 0-0: Ball
1-0: Called Strike
1-1: DOUBLE (Groundball, 3L, EV 103.8 MPH)
Stu Rancourt scores
John Henderson to third
Runner from 3rd tries for Home, SAFE, throw by RF to trailing runner, SAFE at third!
Batting: RHB Javier Garcia 0-0: SINGLE (Groundball, 34D, EV 105.6 MPH)
Clyde Saxton scores
Batting: RHB Gabe Robles 0-0: Called Strike
0-1: SINGLE (Groundball, 34D, EV 98.1 MPH)
Javier Garcia to second
Runner from 2nd tries for 3rd, SAFE, throw by RF made to third
Batting: LHB Robert Ibarra 0-0: Called Strike
0-1: Hit by Pitch
Gabe Robles to second
Batting: RHB Danny Murillo 0-0: Swinging Strike
0-1: Swinging Strike
0-2: Strikes out swinging
Bottom of the 1st over - 4 runs, 5 hits, 0 errors, 3 left on base; Seattle (APP) 1 - Oakland (APP) 4
TOP OF THE 2ND
Seattle (APP) Mariners batting - Pitching for Oakland (APP) Athletics : RHP Ferri Adam
Batting: LHB Joe Thompson 0-0: Foul Ball, location: 2F
0-1: Ball
1-1: Ball
2-1: Ball
3-1: Foul Ball, location: 2F
3-2: Strikes out looking
Batting: RHB Manny Santos 0-0: Ball
1-0: Ball
2-0: Foul Ball, location: 2F
2-1: Ball
3-1: Foul Ball, location: 2F
3-2: SINGLE (Line Drive, 34, EV 97.5 MPH)
Batting: RHB Abel Gray 0-0: Called Strike
0-1: Ball
1-1: Ball
2-1: Swinging Strike
2-2: Foul Ball, location: 2F
2-2: Strikes out swinging
Batting: RHB David Knox 0-0: Ball
1-0: Ball
2-0: Ball
3-0: Called Strike
3-1: Fly out, F2 (Popup, 13S, EV 86.9 MPH)
Top of the 2nd over - 0 runs, 1 hit, 0 errors, 1 left on base; Seattle (APP) 1 - Oakland (APP) 4
BOTTOM OF THE 2ND
Oakland (APP) Athletics batting - Pitching for Seattle (APP) Mariners : RHP Jorge Aranda
Batting: LHB Dave Talbert 0-0: Called Strike
0-1: Ball
1-1: Foul Ball, location: 2F
1-2: Ball
2-2: Ball
3-2: Foul Ball, location: 2F
3-2: Foul Ball, location: 2F
3-2: Fly out, F4 (Popup, 3S, EV 86.9 MPH)
Batting: LHB Yoshinari Nara 0-0: Called Strike
0-1: Fly out, F8 (Flyball, 8LS, EV 90.0 MPH)
Batting: RHB Stu Rancourt 0-0: Called Strike
0-1: Foul Ball, location: 2F
0-2: Fly out, F3 (Popup, 3SF, EV 86.9 MPH)
Bottom of the 2nd over - 0 runs, 0 hits, 0 errors, 0 left on base; Seattle (APP) 1 - Oakland (APP) 4
TOP OF THE 3RD
Seattle (APP) Mariners batting - Pitching for Oakland (APP) Athletics : RHP Ferri Adam
Batting: RHB Evan Bohringer 0-0: Called Strike
0-1: Swinging Strike
0-2: Ball
1-2: Strikes out looking
Batting: LHB Humberto Herrada 0-0: Called Strike
0-1: Called Strike
0-2: Fly out, F7 (Flyball, 7LS, EV 94.4 MPH)
Batting: RHB Corey Davis 0-0: Ball
1-0: Ball
2-0: Ball
3-0: Called Strike
3-1: Foul Ball, location: 2F
3-2: Foul Ball, location: 2F
3-2: Strikes out looking
Top of the 3rd over - 0 runs, 0 hits, 0 errors, 0 left on base; Seattle (APP) 1 - Oakland (APP) 4
BOTTOM OF THE 3RD
Oakland (APP) Athletics batting - Pitching for Seattle (APP) Mariners : RHP Jorge Aranda
Batting: RHB John Henderson 0-0: Ball
1-0: Called Strike
1-1: Ball
2-1: Swinging Strike
2-2: Foul Ball, location: 2F
2-2: Foul Ball, location: 2F
2-2: Ball
3-2: Base on Balls
Batting: LHB Clyde Saxton 0-0: Ball
1-0: Swinging Strike
1-1: Ball
2-1: Ball
3-1: Foul Ball, location: 2F
3-2: Base on Balls
John Henderson to second
Batting: RHB Javier Garcia 0-0: Ball
1-0: Ball
2-0: Fly out, F8 (Flyball, 8LS, EV 88.8 MPH)
Batting: RHB Gabe Robles 0-0: Ball
1-0: Ball
2-0: Ball
3-0: Base on Balls
John Henderson to third
Clyde Saxton to second
Batting: LHB Robert Ibarra 0-0: Called Strike
0-1: Fielders Choice at 2nd, 3-6 (Groundball, 34, EV 87.5 MPH)
John Henderson scores
Clyde Saxton to third
Pitching: RHP Alex Camacho
Batting: RHB Danny Murillo 0-0: Foul Ball, location: 2F
0-1: Foul Ball, location: 2F
0-2: Ball
1-2: Ball
2-2: Foul Ball, location: 2F
2-2: Strikes out swinging
Bottom of the 3rd over - 1 run, 0 hits, 0 errors, 2 left on base; Seattle (APP) 1 - Oakland (APP) 5
TOP OF THE 4TH
Seattle (APP) Mariners batting - Pitching for Oakland (APP) Athletics : RHP Ferri Adam
Batting: LHB Griffin Fogle 0-0: Called Strike
0-1: Ball
1-1: Called Strike
1-2: Ground out 1-3 (Groundball, 13, EV 86.3 MPH)
Batting: RHB J.J. Phillips 0-0: Called Strike
0-1: Foul Ball, location: 2F
0-2: Foul Ball, location: 2F
0-2: Strikes out swinging
Batting: LHB Joe Thompson 0-0: Called Strike
0-1: Foul Ball, location: 2F
0-2: SOLO HOME RUN (Flyball, 9D, EV 105.6 MPH), Distance : 360 ft
Batting: RHB Manny Santos 0-0: SINGLE (Groundball, 34D, EV 100.6 MPH)
Batting: RHB Abel Gray 0-0: Ball
1-0: Ball
2-0: Called Strike
2-1: Swinging Strike
2-2: Ball
3-2: Base on Balls
Manny Santos to second
Batting: RHB David Knox 0-0: Called Strike
0-1: Ball
1-1: Ball
2-1: Fly out, F7 (Flyball, 7LS, EV 86.3 MPH)
Top of the 4th over - 1 run, 2 hits, 0 errors, 2 left on base; Seattle (APP) 2 - Oakland (APP) 5
BOTTOM OF THE 4TH
Oakland (APP) Athletics batting - Pitching for Seattle (APP) Mariners : RHP Alex Camacho
Batting: LHB Dave Talbert 0-0: Foul Ball, location: 2F
0-1: Ball
1-1: SINGLE (Flyball, 4MD, EV 88.8 MPH)
Batting: LHB Yoshinari Nara 0-0: Fielders Choice at 2nd, 5-4 (Groundball, 56, EV 81.9 MPH)
Batting: RHB Stu Rancourt 0-0: Ball
Yoshinari Nara steals 2nd base
1-0: Fly out, F7 (Flyball, 7S, EV 89.4 MPH)
Batting: RHB John Henderson 0-0: Foul Ball, location: 2F
0-1: Fly out, F4 (Popup, 34D, EV 56.3 MPH)
Bottom of the 4th over - 0 runs, 1 hit, 0 errors, 1 left on base; Seattle (APP) 2 - Oakland (APP) 5
TOP OF THE 5TH
Seattle (APP) Mariners batting - Pitching for Oakland (APP) Athletics : RHP Ferri Adam
Pitching: RHP Danny Rivera
Batting: RHB Evan Bohringer 0-0: Called Strike
0-1: Ball
1-1: Foul Ball, location: 2F
1-2: Ball
2-2: Strikes out swinging
Batting: LHB Humberto Herrada 0-0: Called Strike
0-1: Ground out 1-3 (Groundball, 13S, EV 65.6 MPH)
Batting: RHB Corey Davis 0-0: Ground out 6-3 (Groundball, 6, EV 85.0 MPH)
Top of the 5th over - 0 runs, 0 hits, 0 errors, 0 left on base; Seattle (APP) 2 - Oakland (APP) 5
BOTTOM OF THE 5TH
Oakland (APP) Athletics batting - Pitching for Seattle (APP) Mariners : RHP Alex Camacho
Batting: LHB Clyde Saxton 0-0: Ball
1-0: Swinging Strike
1-1: Ball
2-1: Called Strike
2-2: Ball
3-2: Fly out, F8 (Flyball, 8RXD, EV 94.4 MPH)
Batting: RHB Javier Garcia 0-0: Ball
1-0: Foul Ball, location: 2F
1-1: Ball
2-1: Ground out 5-3 (Groundball, 56, EV 83.1 MPH)
Batting: RHB Gabe Robles 0-0: Called Strike
0-1: Foul Ball, location: 2F
0-2: Foul Ball, location: 2F
0-2: Ground out 2-3 (Groundball, 13S, EV 62.5 MPH)
Bottom of the 5th over - 0 runs, 0 hits, 0 errors, 0 left on base; Seattle (APP) 2 - Oakland (APP) 5
TOP OF THE 6TH
Seattle (APP) Mariners batting - Pitching for Oakland (APP) Athletics : RHP Danny Rivera
Batting: LHB Griffin Fogle 0-0: Ball
1-0: Called Strike
1-1: Swinging Strike
1-2: Ground out 4-3 (Groundball, 4, EV 82.5 MPH)
Batting: RHB J.J. Phillips 0-0: Ball
1-0: Called Strike
1-1: Foul Ball, location: 2F
1-2: Ball
2-2: Ball
3-2: Strikes out looking
Batting: LHB Joe Thompson 0-0: Foul Ball, location: 2F
0-1: Swinging Strike
0-2: Ball
1-2: Fly out, F8 (Flyball, 8RXD, EV 106.3 MPH)
Top of the 6th over - 0 runs, 0 hits, 0 errors, 0 left on base; Seattle (APP) 2 - Oakland (APP) 5
BOTTOM OF THE 6TH
Oakland (APP) Athletics batting - Pitching for Seattle (APP) Mariners : RHP Alex Camacho
Batting: LHB Robert Ibarra 0-0: Ball
1-0: Ball
2-0: Called Strike
2-1: Foul Ball, location: 2F
2-2: Ball
3-2: Base on Balls
Pitching: LHP Dustin Hallam
Batting: RHB Danny Murillo 0-0: Foul Ball, location: 2F
0-1: Fielders Choice at 2nd, 6-4 (Groundball, 6, EV 83.1 MPH)
Batting: LHB Dave Talbert 0-0: Ball
1-0: Called Strike
Danny Murillo steals 2nd base
1-1: Ball
Danny Murillo steals 3rd base
2-1: Swinging Strike
2-2: Foul Ball, location: 2F
2-2: Ball
3-2: Strikes out swinging
Batting: LHB Yoshinari Nara 0-0: Foul Ball, location: 2F
0-1: Ball
1-1: Ground out 6-3 (Groundball, 6, EV 86.9 MPH)
Bottom of the 6th over - 0 runs, 0 hits, 0 errors, 1 left on base; Seattle (APP) 2 - Oakland (APP) 5
TOP OF THE 7TH
Seattle (APP) Mariners batting - Pitching for Oakland (APP) Athletics : RHP Danny Rivera
Batting: RHB Manny Santos 0-0: DOUBLE (Groundball, 3L, EV 106.3 MPH)
Batting: RHB Abel Gray 0-0: Called Strike
0-1: Ball
1-1: Ground out 1-3 (Groundball, 15S, EV 63.1 MPH)
Batting: RHB David Knox 0-0: Called Strike
0-1: Ball
1-1: Swinging Strike
1-2: Ball
2-2: Strikes out looking
Batting: RHB Evan Bohringer 0-0: Ball
1-0: Ball
2-0: Ground out U3 (Groundball, 34, EV 80.0 MPH)
Top of the 7th over - 0 runs, 1 hit, 0 errors, 1 left on base; Seattle (APP) 2 - Oakland (APP) 5
BOTTOM OF THE 7TH
Oakland (APP) Athletics batting - Pitching for Seattle (APP) Mariners : LHP Dustin Hallam
Batting: RHB Stu Rancourt 0-0: Ball
1-0: Ball
2-0: Called Strike
2-1: Ball
3-1: Base on Balls
Batting: RHB John Henderson 0-0: Called Strike
0-1: Grounds into double play, 6-4-3 (Groundball, 6, EV 83.1 MPH)
Batting: LHB Clyde Saxton 0-0: Called Strike
0-1: Foul Ball, location: 2F
0-2: Ball
1-2: Fly out, F7 (Flyball, 7S, EV 87.5 MPH)
Bottom of the 7th over - 0 runs, 0 hits, 0 errors, 0 left on base; Seattle (APP) 2 - Oakland (APP) 5
TOP OF THE 8TH
Seattle (APP) Mariners batting - Pitching for Oakland (APP) Athletics : RHP Danny Rivera
Pitching: LHP Max Lara
Batting: LHB Humberto Herrada 0-0: Ball
1-0: Swinging Strike
1-1: Called Strike
1-2: Strikes out swinging
Batting: RHB Corey Davis 0-0: Called Strike
0-1: Hit by Pitch
Batting: LHB Griffin Fogle 0-0: Called Strike
0-1: Ball
1-1: Called Strike
1-2: Ball
2-2: Ball
3-2: Foul Ball, location: 2F
3-2: Foul Ball, location: 2F
3-2: Fielders Choice at 2nd, 4-6 (Groundball, 4, EV 78.1 MPH)
Batting: RHB J.J. Phillips 0-0: Foul Ball, location: 2F
0-1: Foul Ball, location: 2F
0-2: Strikes out swinging
Top of the 8th over - 0 runs, 0 hits, 0 errors, 1 left on base; Seattle (APP) 2 - Oakland (APP) 5
BOTTOM OF THE 8TH
Oakland (APP) Athletics batting - Pitching for Seattle (APP) Mariners : LHP Dustin Hallam
Batting: RHB Javier Garcia 0-0: Hit by Pitch
Batting: RHB Gabe Robles 0-0: Bunt missed!
0-1: Sac Bunt to 23 - play at first, batter OUT! 3-4
Javier Garcia to second
Batting: LHB Robert Ibarra 0-0: Called Strike
0-1: Ball
1-1: Ball
2-1: Foul Ball, location: 2F
2-2: Ball
3-2: Fly out, F8 (Flyball, 8RXD, EV 108.8 MPH)
Runner from 2nd tags up, SAFE at 3rd, no throw by CF
Batting: RHB Danny Murillo 0-0: Ball
1-0: Swinging Strike
1-1: Called Strike
1-2: Ball
2-2: Ball
3-2: Base on Balls
Batting: LHB Dave Talbert 0-0: Ball
1-0: Ball
2-0: Swinging Strike
2-1: Foul Ball, location: 2F
2-2: Ball
3-2: Ground out 4-3 (Groundball, 34, EV 83.8 MPH)
Bottom of the 8th over - 0 runs, 0 hits, 0 errors, 2 left on base; Seattle (APP) 2 - Oakland (APP) 5
TOP OF THE 9TH
Seattle (APP) Mariners batting - Pitching for Oakland (APP) Athletics : LHP Max Lara
Pitching: RHP Mike Burrow
Batting: LHB Joe Thompson 0-0: SOLO HOME RUN (Flyball, 9D, EV 106.9 MPH), Distance : 366 ft
Batting: RHB Manny Santos 0-0: Ball
1-0: Called Strike
1-1: Foul Ball, location: 2F
1-2: Ball
2-2: Fly out, F9 (Flyball, 9LM, EV 82.5 MPH)
Batting: RHB Abel Gray 0-0: Ground out 5-3 (Groundball, 6S, EV 86.3 MPH)
Batting: RHB David Knox 0-0: Called Strike
0-1: Ball
1-1: Ground out U3 (Groundball, 34S, EV 90.0 MPH)
Top of the 9th over - 1 run, 1 hit, 0 errors, 0 left on base; Seattle (APP) 3 - Oakland (APP) 5
Tuesday, March 28th , 2023 - OOTP Baseball 23.10 Build 110